 Dungeon Crawl Stone Soup version 0.30-a0-930-gb9d0489357 (webtiles) character file.

Game seed: 5334583448053322182

478 fozzywoppz the Conjurer (level 6, -3/45 HPs)
             Began as a Draconian Conjurer on Mar 24, 2023.
             Slain by Edmund
             ... wielding a +1 flail of protection
              (8 damage)
             ... on level 4 of the Dungeon.
             The game lasted 00:10:29 (3739 turns).

fozzywoppz the Conjurer (Draconian Conjurer)        Turns: 3739, Time: 00:10:30

Health: -3/45      AC:  7    Str: 10    XL:     6   Next: 86%
Magic:  3/11       EV: 17    Int: 20    God:
Gold:   180        SH:  0    Dex:  9    Spells: 9/12 levels left

rFire   + . .      SeeInvis +    f - +0 dagger (speed)
rCold   + . .      Faith    .    (no shield)
rNeg    . . .      Spirit   .    (body armour unavailable)
rPois   .          Reflect  .    (helmet restricted)
rElec   .          Rampage  .    l - scarf {rC+ rF+}
rCorr   .                        (no gloves)
Will    .....                    g - +0 pair of boots
Stlth   ++                       (no amulet)
HPRegen 0.27/turn                p - ring of see invisible
MPRegen 0.12/turn                x - +5 ring of evasion

@: no status effects
A: AC +6, unfitting armour, cold-blooded
a: no special abilities


You were on level 4 of the Dungeon.
You visited 1 branch of the dungeon, and saw 4 of its levels.

You collected 180 gold pieces.

Inventory:

Hand Weapons
 f - a +0 dagger of speed (weapon)
 u - a +2 falchion of electrocution
Missiles
 t - 4 datura-tipped darts
Armour
 g - a +0 pair of boots (worn)
 l - a scarf of resistance (worn)
 n - a +1 hat
Jewellery
 p - a ring of see invisible (left hand)
 r - a ring of fire
 x - a +5 ring of evasion (right hand)
Scrolls
 b - 2 scrolls of enchant armour {unknown}
 c - a scroll of teleportation {unknown}
 e - 3 scrolls of amnesia {unknown}
 h - 2 scrolls of magic mapping {unknown}
 i - a scroll of immolation {unknown}
 j - 2 scrolls of fog {unknown}
 m - 6 scrolls of identify {unknown}
 s - a scroll of butterflies {unknown}
 w - a scroll of fear {unknown}
 y - a scroll of noise {unknown}
Potions
 a - 4 potions of magic
 d - a potion of lignification {unknown}
 k - a potion of brilliance {unknown}
 o - a potion of curing {unknown}
 q - 3 potions of mutation {unknown}
 v - a potion of experience {unknown}
 z - 2 potions of heal wounds {unknown}


   Skills:
 + Level 3.1 Short Blades
 - Level 3.0 Dodging
 + Level 3.0 Stealth
 + Level 3.8 Spellcasting
 + Level 5.4 Conjurations


You had 9 spell levels left.
You knew the following spells:

 Your Spells              Type           Power      Damage    Failure   Level
a - Magic Dart            Conj           100%       1d8       1%          1
b - Searing Ray           Conj           50%        2d6       2%          2

Your spell library contained the following spells:

 Spells                   Type           Power      Damage    Failure   Level
 Apportation              Tloc           6%         N/A       13%         1
 Necrotise                Necr           12%        1d4       13%         1
 Summon Small Mammal      Summ           12%        N/A       13%         1
 Dazzling Flash           Conj/Hex       28%        N/A       13%         3
 Fulminant Prism          Conj/Hex       7%         3d7       38%         4
 Iskenderun's Mystic Bla  Conj/Tloc      14%        2d5       38%         4


Dungeon Overview and Level Annotations

Branches:
Dungeon (4/15)
 Temple: D:4-7

Altars:

Shops:
D:3 =

Annotations:
D:4 Edmund, Pikel


Innate Abilities, Weirdness & Mutations

Your plain brown scales are hard. (AC +6)
You cannot fit into any form of body armour.
You are cold-blooded and may be slowed by cold attacks.


Message History

* * * LOW HITPOINT WARNING * * *
The lemure misses you. Pikel attacks as you move away!
Pikel completely misses you. Edmund attacks as you move away!
Edmund hits you but does no damage. The lemure attacks as you move away!
The lemure barely misses you. Edmund attacks as you move away!
Edmund barely misses you. The lemure attacks as you move away!
The lemure barely misses you.
Edmund says, "I might not be good at magic, but I can still kill you!"
Casting: Searing Ray (safe; 2% risk of failure)
Confirm with . or Enter, or press ? or * to list all spells.
Aiming: Searing Ray (safe; 2% risk of failure)
Press: ? - help, Shift-Dir - straight line, f - Pikel, p - Edmund
Aim: Pikel, wielding a +1 whip of freezing and wearing a +0 robe (heavily wounded, 74% to hit)
The searing ray hits Edmund.
Edmund is moderately wounded.
The searing ray hits Pikel but does no damage.
Pikel is heavily wounded. (Press . to maintain the ray.) Edmund hits you but does no damage.
The searing ray hits Edmund but does no damage.
Edmund is moderately wounded.
The searing ray hits Pikel.
Pikel is severely wounded.
Edmund hits you with a +1 flail of protection.
* * * LOW HITPOINT WARNING * * *
Unknown command.
The searing ray hits Edmund but does no damage.
Edmund is moderately wounded.
The searing ray hits Pikel.
Pikel is almost dead.
Edmund closely misses you.
Unknown command.
The searing ray hits Edmund.
Edmund is moderately wounded.
The searing ray misses Pikel.
You finish channelling your searing ray.
Edmund misses you.
Unknown command.
Edmund hits you with a +1 flail of protection!
You die...

#..................###..÷##.#
#.......#.......##..........#
######..##..##..###.##...####
##.........###.##.#....# ##
#####......##.###.###.###. ##
#.##.>.#.............. ..
#.####...##.###.###.## #.
#.##...#.#...........# #.###
#....@.#...##.###.##.. #...####
####@###.#.#.......#.# #.†....#
#K5.#..#...##.##...# # #.#.##.##
#.5.##.#.#.#...#.#.# ...
#.##..####...##...#...#...#..
##.##.###...###..##.#.#.#...#.#.#
#..<(##.....##..#..#...##.##...#
####.#.8...8.#..##.#.#.......#.#
#............##...##.###.##..


You could see Edmund, Pikel and 2 lemures.

Vanquished Creatures
  Menkaure (D:4)
  An ogre (D:4)
  Blork the orc (D:4)
  An iguana (D:4)
  4 gnolls (D:2)
  6 adders
  A worm (D:4)
  3 dart slugs
  An orc (D:4)
  3 ball pythons
  5 endoplasms
  6 giant cockroaches
  3 goblins
  7 hobgoblins
  13 jackals
  A quokka (D:4)
  6 bats
  2 frilled lizards (D:2)
  13 kobolds
  5 rats
83 creatures vanquished.

Notes
Turn   | Place    | Note
-------+----------+-------------------------------------------
     0 | D:1      | fozzywoppz the Draconian Conjurer began the quest for the
                  | Orb.
     0 | D:1      | Reached XP level 1. HP: 14/14 MP: 3/3
   184 | D:1      | Reached XP level 2. HP: 13/20 MP: 0/5
   290 | D:1      | Learned a level 2 spell: Searing Ray
   513 | D:1      | Reached XP level 3. HP: 24/26 MP: 3/6
   936 | D:1      | Reached skill level 1 in Short Blades
  1481 | D:2      | Reached XP level 4. HP: 33/33 MP: 3/8
  2089 | D:2      | Reached XP level 5. HP: 38/38 MP: 7/9
  2207 | D:3      | Found Kuchab's One-of-a-Kind Rings.
  2969 | D:4      | Noticed Blork the orc
  2982 | D:4      | Killed Blork the orc
  2983 | D:4      | Reached skill level 5 in Conjurations
  3155 | D:4      | Noticed Menkaure
  3163 | D:4      | Killed Menkaure
  3164 | D:4      | Reached XP level 6. HP: 45/45 MP: 3/11
  3698 | D:4      | Noticed Edmund
  3699 | D:4      | Noticed Pikel
  3739 | D:4      | Slain by Edmund

Illustrated notes

Levels and vault maps discovered:
D:1:      minmay_arrival_jagged, layout_basic, minmay_misc_feat_plants,
          nicolae_kite_square_tiling_tiny
D:2:      layout_loops_ring
D:3:      layout_loops_ring, nicolae_shop_unique_rings
D:4:      layout_loops_cross, chequers_serial_rivers_small_b,
          serial_bayou_pond_a, minivault_27,
          nicolae_concentric_dashed_squares_mild, chequers_avenue,
          palyth_stone_intersect, minmay_misc_feat_room,
          wad_floor_pattern_untrapped, minmay_cupped, uniq_edmund,
          uniq_menkaure, uniq_blork_the_orc, uniq_pikel

Skill      XL: |  1  2  3  4  5  6 |
---------------+-------------------+-----
Dodging        | 2 3 |  3.0
Short Blades   | 1 2 3 |  3.1
Spellcasting   | 3 |  3.8
Stealth        | 2 3 |  3.0
Conjurations   | 5 |  5.4

Action                     |  1- 3 |  4- 6 || total
---------------------------+-------+-------++-------
  Melee: Unarmed           |    48 |       ||    48
         Tailslap          |    11 |    11 ||    22
         Dagger            |   116 |   103 ||   219
         Punch             |     3 |       ||     3
   Cast: Magic Dart        |    31 |    46 ||    77
         Searing Ray       |     7 |    10 ||    17
    Use: Potion            |       |     1 ||     1
   Stab: Sleeping          |     1 |       ||     1
 Armour: Skin              |    62 |    23 ||    85
  Dodge: Dodged            |   110 |    60 ||   170

Table legend: (Time is in decaauts)
 A = Elapsed time spent in this place.
 B = Non-inter-level travel time spent in this place.
 C = Inter-level travel time spent in this place.
 D = Time resting spent in this place.
 E = Time spent auto-exploring this place.
 F = Levels seen in this place.
 G = Mean time per level.
                   A        B        C        D        E       F      G
               +--------+--------+--------+--------+--------+-----+--------+
         Total |   3655 |   3600 |     55 |      0 |   2866 |   4 |  913.8 |
       Dungeon |   3655 |   3600 |     55 |      0 |   2866 |   4 |  913.8 |
               +--------+--------+--------+--------+--------+-----+--------+

Top non-repeatable levels by time:
     D:1: 1242 daAuts
     D:4: 1028 daAuts
     D:2: 807 daAuts
     D:3: 578 daAuts
